[Event "Late-Titled-Tuesday-Blitz-May-07-2024"]
[Site "Chess.com"]
[Date "2024.05.07"]
[Round "4"]
[White "Stanbad1"]
[Black "vugarrasulov"]
[Result "0-1"]
[WhiteElo "2621"]
[BlackElo "2981"]
[TimeControl "180+1"]
[EndTime "14:36:52 PDT"]
[Termination "vugarrasulov won by resignation"]

1. d4 d6 2. Nc3 e5 3. dxe5 dxe5 4. Qxd8+ Kxd8 5. e4 Be6 6. Be3 Nd7 7. O-O-O a6 8.
Nge2 Kc8 9. f3 Ne7 10. Kb1 Nc6 11. Nc1 Bc5 12. Rxd7 Bxe3 13. Rd1 Rd8 14. Be2 Nd4 15. Bd3 c6 16. Rhe1 Bf4 17. h3 Kc7 18. N1e2 Bg5 19. Nxd4 Rxd4 20. Ne2 Rd6 21. c3 Rad8 22. Bc2 Rd2 23.
b3 h5 24. c4 b5 25. cxb5 axb5 26. Kb2 h4 27. Kc3 Kb6 28. a4 b4+ 29. Kb2 c5 30. Kb1 c4 31. Nc1 Rxg2 32. Rxd8 Bxd8 33. bxc4 Bxc4 34. Bb3 Kc5 35. Rd1 Bg5 36. Nd3+ Bxd3+ 37. Rxd3 Rg1+ 38. Kb2 Rg2+ 39. Kb1 Bd2 40. Rd5+ Kc6 41. Bc4 Bc3 42. a5 b3 43. Rd1 Kc5 44. Bxf7 Kb4 45.
a6 Ra2 0-1

[Event "Late-Titled-Tuesday-Blitz-May-07-2024"]
[Site "Chess.com"]
[Date "2024.05.07"]
[Round "4"]
[White "cycygogne"]
[Black "egnfanclub"]
[Result "1-0"]
[WhiteElo "2166"]
[BlackElo "2336"]
[TimeControl "180+1"]
[EndTime "14:36:52 PDT"]
[Termination "cycygogne won by resignation"]

1. e4 e5 2. Nf3 Nc6 3. Bc4 Nf6 4. d4 exd4 5. Ng5 Ne5 6. Bb3 h6 7. f4 hxg5 8. fxe5 Nxe4 9. Qxd4 Nc5 10. Be3 Ne6 11. Qd2 d6 12. Bxe6 Bxe6 13. Bxg5 Qd7 14.
exd6 Bxd6 15. Nc3 Bxh2 16. O-O-O Qxd2+ 17. Rxd2 Rh5 18. Be3 g6 19. g4 Rh3 20. Rdxh2 Rxh2 21. Rxh2 O-O-O 22. g5 a6 23. b3 b5 24. Ne4 Bd5 25. Nf6 Bc6 26. Rh7 Rd6 27. Rxf7 Re6 28. Bd2 1-0

[Event "Late-Titled-Tuesday-Blitz-May-07-2024"]
[Site "Chess.com"]
[Date "2024.05.07"]
[Round "4"]
[White "crescentmoon2411"]
[Black "Oleksandr_Bortnyk"]
[Result "0-1"]
[WhiteElo "2879"]
[BlackElo "3069"]
[TimeControl "180+1"]
[EndTime "14:36:53 PDT"]
[Termination "Oleksandr_Bortnyk won by resignation"]

1. d4 Nf6 2. c4 b6 3. Nf3 Bb7 4. g3 g6 5. Bg2 Bg7 6. O-O O-O 7.
Nc3 Ne4 8. Qc2 Nxc3 9. bxc3 Nc6 10. Ne5 Na5 11. Bxb7 Nxb7 12. h4 Na5 13. h5 d6 14.
Nf3 Nxc4 15. e4 Qd7 16. Kg2 c5 17. Rh1 Rac8 18. hxg6 fxg6 19. Qd3 cxd4 20. cxd4 d5 21. Bh6 dxe4 22. Qxe4 Qf5 23. Qxf5 Rxf5 24. Rae1 Bxh6 25.
Rxh6 Rcf8 26. Nh2 Rxf2+ 27. Kh3 R8f7 28. Rc1 Ne3 29. Ng4 Nxg4 30. Kxg4 Rxa2 0-1

[Event "Late-Titled-Tuesday-Blitz-May-07-2024"]
[Site "Chess.com"]
[Date "2024.05.07"]
[Round "4"]
[White "SergioMoralesG"]
[Black "ReadySkate"]
[Result "0-1"]
[WhiteElo "2474"]
[BlackElo "2703"]
[TimeControl "180+1"]
[EndTime "14:36:54 PDT"]
[Termination "ReadySkate won by resignation"]

1. d4 Nf6 2. c4 g6 3. Nc3 d5 4. Nf3 Bg7 5. e3 O-O 6. cxd5 Nxd5 7. Bc4 Nxc3 8. bxc3 c5 9. O-O Nc6 10. h3 Bf5 11.
Qe2 cxd4 12. cxd4 Rc8 13. Rd1 Be4 14. Nd2 Bd5 15. Rb1 Na5 16. Bxd5 Qxd5 17. Rb5 Qxa2 18.
Bb2 b6 19. Ra1 Qe6 20. d5 Qd7 21. Bxg7 Kxg7 22. e4 Rc2 23. Rb4 Qd6 24. Qd3 Rfc8 25. Qd4+ f6 26. g3 e5 27. dxe6 Rxd2 0-1

[Event "Late-Titled-Tuesday-Blitz-May-07-2024"]
[Site "Chess.com"]
[Date "2024.05.07"]
[Round "4"]
[White "Yerkinio"]
[Black "Supelyel"]
[Result "1-0"]
[WhiteElo "2682"]
[BlackElo "2412"]
[TimeControl "180+1"]
[EndTime "14:36:57 PDT"]
[Termination "Yerkinio won by resignation"]

1. e4 d6 2. d4 Nf6 3. Nc3 e5 4. Nf3 Nbd7 5. Bc4 Be7 6. O-O O-O 7. Re1 c6 8. a4 Qc7 9. h3 h6 10. Ba2 Rb8 11. Nh4 exd4 12. Qxd4 Nc5 13. Ng6 Re8 14. Nxe7+ Qxe7 15. Bf4 Be6 16. Bxd6 Rbd8 17.
Bxe7 Rxd4 18. Bxc5 Rd2 19. Bxe6 Rxe6 20. Rac1 b6 21. Be3 Rd7 22. f3 g5 23. Red1 Rde7 24. Rd8+ Kh7 25. Rcd1 Kg6 26. R1d6 Ne8 27. Rxe6+ fxe6 28.
a5 Kf7 29. axb6 axb6 30. Bxb6 Rb7 31. Na4 Ke7 32. Rd1 Nf6 33. Bd8+ Kf7 34. Bxf6 Kxf6 35. b3 Rb4 36. Kf2 Ke5 37. Rd3 c5 38. Rc3 c4 39.
Rxc4 1-0

[Event "Late-Titled-Tuesday-Blitz-May-07-2024"]
[Site "Chess.com"]
[Date "2024.05.07"]
[Round "4"]
[White "Noki102"]
[Black "finec2"]
[Result "1-0"]
[WhiteElo "2562"]
[BlackElo "2287"]
[TimeControl "180+1"]
[EndTime "14:36:59 PDT"]
[Termination "Noki102 won by resignation"]

1. Nc3 c5 2. Nf3 Nc6 3. d4 cxd4 4. Nxd4 Nf6 5. g3 g6 6. Bg2 Bg7 7. e4 Nxe4 8. Nxc6 Nxc3 9. Nxd8 Nxd1 10. Nxf7 Nxf2 11. O-O Kxf7 12. Rxf2+ Bf6 13. Bg5 Rf8 14. Bh6 Rh8 15. Re1 Rd8 16. Bd5+ e6 17. Bg5 exd5 18. Bxf6 1-0

[Event "Late-Titled-Tuesday-Blitz-May-07-2024"]
[Site "Chess.com"]
[Date "2024.05.07"]
[Round "4"]
[White "Fins0905"]
[Black "Albertu"]
[Result "1-0"]
[WhiteElo "2742"]
[BlackElo "2549"]
[TimeControl "180+1"]
[EndTime "14:37:03 PDT"]
[Termination "Fins0905 won by resignation"]

1. Nf3 d5 2. d4 Nf6 3. c4 c6 4.
cxd5 cxd5 5. Nc3 Nc6 6. Bf4 a6 7. Rc1 e6 8. e3 Be7 9. Bd3 O-O 10.
h3 Bd7 11. Ne5 Nxe5 12. dxe5 Ne8 13. O-O Bc6 14. Ne2 Nc7 15. Nd4 Be8 16. Bxh7+ Kxh7 17. Qc2+ Kg8 18. Qxc7 a5 19. b3 Ba3 20. Qxd8 Rxd8 21. Rc7 Rd7 22. Rc8 Re7 23. Nc2 Bb2 24. Rb1 g5 25.
Bg3 1-0

[Event "Late-Titled-Tuesday-Blitz-May-07-2024"]
[Site "Chess.com"]
[Date "2024.05.07"]
[Round "4"]
[White "DrVelja"]
[Black "ViIIagra"]
[Result "1-0"]
[WhiteElo "2997"]
[BlackElo "2840"]
[TimeControl "180+1"]
[EndTime "14:37:05 PDT"]
[Termination "DrVelja won by resignation"]

1. e4 c5 2. Nf3 Nc6 3. Bb5 Nf6 4. Bxc6 dxc6 5. d3 Qc7 6. e5 Nd5 7. h3 h6 8. Qe2 Be6 9. c4 Nb4 10. a3 Na6 11. Nc3 Rd8 12. O-O g5 13. Ne4 Bg7 14.
Ng3 Rg8 15. Qe4 Kd7 16. b4 Bh8 17. Nf5 Kc8 18. Nxh6 Rg6 19. Bxg5 Qd7 20. Rfd1 f6 21. Qxg6 1-0

[Event "Late-Titled-Tuesday-Blitz-May-07-2024"]
[Site "Chess.com"]
[Date "2024.05.07"]
[Round "4"]
[White "bascheyaro"]
[Black "masnyszachistaaa"]
[Result "1-0"]
[WhiteElo "2838"]
[BlackElo "2601"]
[TimeControl "180+1"]
[EndTime "14:37:05 PDT"]
[Termination "bascheyaro won by resignation"]

1. d4 Nf6 2. c4 c5 3. Nf3 cxd4 4.
Nxd4 b6 5. Nc3 Bb7 6. Nf3 e6 7. Bg5 Be7 8. e3 O-O 9. Be2 d5 10. cxd5 Nxd5 11. Bxe7 Qxe7 12. Nxd5 Bxd5 13. O-O Nd7 14.
a3 Rfd8 15. Rc1 Nc5 16. Qc2 Rac8 17. Rfd1 h6 18. b4 Ne4 19. Qxc8 Rxc8 20. Rxc8+ Kh7 21. Bd3 g6 22. Rdc1 Nd6 23. R8c7 Qf6 24. Rd7 Bxf3 25. gxf3 Qg5+ 26. Kf1 Qd5 27. Be2 Qe5 28. f4 Qe4 29. Kg1 Nf5 30. Rxf7+ Kg8 31. Rxa7 Nd6 32. Rd1 Ne8 33. Rd8 Kf8 34. Bb5 Qb1+ 35. Kg2 Qe4+ 36. Kg3 1-0

[Event "Late-Titled-Tuesday-Blitz-May-07-2024"]
[Site "Chess.com"]
[Date "2024.05.07"]
[Round "4"]
[White "Kostukov_Alex"]
[Black "SHIVACalypso"]
[Result "0-1"]
[WhiteElo "2369"]
[BlackElo "2539"]
[TimeControl "180+1"]
[EndTime "14:37:06 PDT"]
[Termination "SHIVACalypso won by checkmate"]

1. g3 g6 2. Bg2 Bg7 3. c4 c6 4. Nf3 d5 5. cxd5 cxd5 6. d4 Nc6 7. O-O Nf6 8. Nc3 O-O 9. Bf4 Bf5 10. Rc1 Rc8 11.
Ne5 Ne4 12. Nxe4 dxe4 13. Nxc6 bxc6 14. e3 Qd5 15. b3 c5 16. dxc5 Qxd1 17. Rfxd1 e5 18. h3 exf4 19. g4 f3 20. Bf1 Be6 21. Ba6 Rc7 22. c6 Bf6 23. Bb7 Bc8 24. Bxc8 Rcxc8 25. b4 Rc7 26. b5 Rb8 27. a4 a6 28. Rb1 axb5 29. axb5 Rb6 30. Rd7 Rcxc6 31. bxc6 Rxb1+ 32. Kh2 Be5# 0-1

[Event "Late-Titled-Tuesday-Blitz-May-07-2024"]
[Site "Chess.com"]
[Date "2024.05.07"]
[Round "4"]
[White "secretworker2027"]
[Black "zverr1"]
[Result "1-0"]
[WhiteElo "2661"]
[BlackElo "2502"]
[TimeControl "180+1"]
[EndTime "14:37:10 PDT"]
[Termination "secretworker2027 won by checkmate"]

1. e4 c5 2. Nf3 Nc6 3. d4 cxd4 4. Nxd4 g6 5. Nc3 Bg7 6. Be3 Nf6 7. Bc4 Qa5 8. O-O O-O 9. Bb3 d6 10. h3 Bd7 11. Nde2 a6 12. Ng3 Rac8 13. f4 Be6 14. Nd5 Bxd5 15. exd5 Nb8 16. c4 Nbd7 17. Bd4 Nc5 18. Bc2 Qb6 19. b3 a5 20. Kh1 Qc7 21.
Bg1 Nh5 22. Nxh5 Bxa1 23. Qxa1 gxh5 24. Qd1 f6 25. Qxh5 Rf7 26. Bf5 Rcf8 27. Bxc5 Qxc5 28. Be6 Qb6 29. Rf3 Qb4 30. Rg3+ Kh8 31. Bxf7 Qe1+ 32.
Kh2 Qc1 33. Bg6 Rf7 34. Bxf7 Qxf4 35. Qf5 Qe5 36. Qxe5 dxe5 37. Rg8# 1-0

[Event "Late-Titled-Tuesday-Blitz-May-07-2024"]
[Site "Chess.com"]
[Date "2024.05.07"]
[Round "4"]
[White "HipsterChess22"]
[Black "Nicolik"]
[Result "0-1"]
[WhiteElo "2224"]
[BlackElo "2494"]
[TimeControl "180+1"]
[EndTime "14:37:20 PDT"]
[Termination "Nicolik won by resignation"]

1. d4 d5 2. Nc3 Nf6 3. Bf4 Bf5 4. e3 c6 5. Nf3 e6 6. Ne5 Nbd7 7. g4 Bg6 8. h4 Qb6 9. Qc1 Nxe5 10. dxe5 Nxg4 11. f3 Nh6 12. h5 Bf5 13. Rg1 O-O-O 14. Bd3 d4 15. Ne4 dxe3 16. Bxe3 Qa5+ 17. Kf1 Qxe5 18. Bf4 Qa5 19. Bd2 Qd5 20. Bc3 Bxe4 21. Bxe4 Qxh5 22. b4 f5 23. Bd3 Qxf3+ 0-1

[Event "Late-Titled-Tuesday-Blitz-May-07-2024"]
[Site "Chess.com"]
[Date "2024.05.07"]
[Round "4"]
[White "Ditman2007"]
[Black "maximnovik"]
[Result "1-0"]
[WhiteElo "2697"]
[BlackElo "2464"]
[TimeControl "180+1"]
[EndTime "14:37:23 PDT"]
[Termination "Ditman2007 won on time"]

1. e4 e5 2. Nf3 Nc6 3. Bb5 a6 4. Ba4 Nf6 5. O-O Be7 6. Re1 b5 7. Bb3 O-O 8. c3 d5 9. exd5 Nxd5 10. Nxe5 Nxe5 11. Rxe5 c6 12. Re1 Bd6 13. d4 Qh4 14. g3 Qh3 15. Qf3 Bg4 16. Qg2 Qh5 17.
Nd2 Rae8 18. Re4 f5 19. Rxe8 Rxe8 20. Bxd5+ cxd5 21. Qxd5+ Kh8 22. f3 Bxg3 23. hxg3 Qh3 24. Nf1 h6 25. fxg4 1-0

[Event "Late-Titled-Tuesday-Blitz-May-07-2024"]
[Site "Chess.com"]
[Date "2024.05.07"]
[Round "4"]
[White "yuriydovzik"]
[Black "giomar27"]
[Result "0-1"]
[WhiteElo "2144"]
[BlackElo "2471"]
[TimeControl "180+1"]
[EndTime "14:37:25 PDT"]
[Termination "giomar27 won by resignation"]

1. b3 e5 2. Bb2 d6 3. c4 f5 4.
d4 e4 5. e3 Nf6 6. d5 g6 7. Ne2 Bg7 8. Nf4 O-O 9. h4 Qe7 10. h5 g5 11. h6 Bh8 12. Ne2 Nbd7 13. Nbc3 Ne5 14. Nd4 f4 15. Be2 Bg4 16. Qc2 Bxe2 17.
Kxe2 f3+ 18. gxf3 exf3+ 19. Kd2 Neg4 20. Rag1 Kf7 21. Kc1 Ke8 22. Ne6 Rg8 23. Ne4 Nxe4 24. Qxe4 Bxb2+ 25. Kxb2 Qf6+ 26. Qd4 Qxd4+ 27. exd4 Nxf2 28.
Nxc7+ Kd7 29. Nxa8 Nxh1 30. Rxh1 g4 31. c5 g3 32. c6+ bxc6 33. dxc6+ Kxc6 34. Rh3 g2 35.
Rxf3 g1=Q 36. Rf6 Qxd4+ 0-1

[Event "Late-Titled-Tuesday-Blitz-May-07-2024"]
[Site "Chess.com"]
[Date "2024.05.07"]
[Round "4"]
[White "Mikhail_Golubev"]
[Black "bancsoo"]
[Result "0-1"]
[WhiteElo "2606"]
[BlackElo "2862"]
[TimeControl "180+1"]
[EndTime "14:37:28 PDT"]
[Termination "bancsoo won by resignation"]

1. e4 e5 2. Nf3 d6 3. d4 exd4 4. Qxd4 Nc6 5. Bb5 Ne7 6. Bf4 a6 7. Bxc6+ Nxc6 8. Qd2 Be7 9. Nc3 O-O 10. O-O-O Re8 11.
Nd5 Bf8 12. Rhe1 Be6 13. h3 f6 14. g4 Qd7 15. Nh4 Ne7 16. Nxe7+ Qxe7 17. Nf5 Qf7 18.
a3 Rad8 19. Nd4 Bc8 20. g5 fxg5 21. Bxg5 Rd7 22. Nf5 Qa2 23. Qc3 Rf7 24. Nh6+ gxh6 25. Bf6 Rxf6 26. Qxf6 Bg7 27. Rg1 Qf7 28. Qxh6 Kh8 29.
Qe3 Qf6 30. c3 Bh6 0-1

[Event "Late-Titled-Tuesday-Blitz-May-07-2024"]
[Site "Chess.com"]
[Date "2024.05.07"]
[Round "4"]
[White "nochewycandy"]
[Black "emeli_chess"]
[Result "1-0"]
[WhiteElo "2784"]
[BlackElo "2440"]
[TimeControl "180+1"]
[EndTime "14:37:28 PDT"]
[Termination "nochewycandy won on time"]

1. e4 e5 2. Nf3 Nc6 3. Bb5 a6 4.
Ba4 Nf6 5. O-O Nxe4 6. d4 b5 7. Bb3 d5 8. dxe5 Be6 9. Be3 Be7 10. Nbd2 O-O 11. c3 Qd7 12. h3 h6 13. Re1 Ng5 14.
Nxg5 Bxg5 15. Bxg5 hxg5 16. Nf3 g4 17. hxg4 Bxg4 18.
Qxd5 Rad8 19. Qe4 Bf5 20. Qf4 Ne7 21. Rad1 Qc6 22. Nd4 Qg6 23. e6 fxe6 24. Nxe6 Bxe6 25.
Rxd8 Rxd8 26. Rxe6 Rd1+ 27. Re1+ 1-0

[Event "Late-Titled-Tuesday-Blitz-May-07-2024"]
[Site "Chess.com"]
[Date "2024.05.07"]
[Round "4"]
[White "ellatambien"]
[Black "semchik90"]
[Result "1-0"]
[WhiteElo "2685"]
[BlackElo "2429"]
[TimeControl "180+1"]
[EndTime "14:37:31 PDT"]
[Termination "ellatambien won by resignation"]

1. Nf3 d5 2. c4 c6 3. cxd5 cxd5 4. d4 Nf6 5. Nc3 Nc6 6. Bf4 e6 7. e3 Bd6 8. Bxd6 Qxd6 9. Bd3 a6 10. O-O O-O 11.
a3 e5 12. dxe5 Nxe5 13. Nxe5 Qxe5 14. h3 Be6 15. Qd2 Qg5 16. Kh1 d4 17. Ne4 Nxe4 18.
Bxe4 dxe3 19. Qxe3 Qxe3 20. fxe3 Rab8 21. Rfd1 Rfe8 22.
Bf3 Bb3 23. Rd3 Bc4 24. Rc3 b5 25. a4 Rbc8 26. axb5 Bxb5 27. Raa3 Rxc3 28. Rxc3 h6 29. Kg1 Rd8 30. Rc2 g6 31. Kf2 Rd3 32. Be4 Rb3 33. Bd5 Rb4 34. b3 Bd7 35. e4 Be6 36. Ke3 Bxd5 37.
exd5 Rxb3+ 38. Kd4 Kf8 39. Ra2 Rb6 40. Kc5 Rf6 41. d6 a5 42. Kc6 Re6 43. Rxa5 Re2 44. Ra8+ Kg7 45. d7 Rc2+ 46. Kb5 Rb2+ 47. Kc4 Rd2 48.
d8=Q Rxd8 49. Rxd8 1-0

[Event "Late-Titled-Tuesday-Blitz-May-07-2024"]
[Site "Chess.com"]
[Date "2024.05.07"]
[Round "4"]
[White "ChessLover0108"]
[Black "chenxiaoyuer"]
[Result "0-1"]
[WhiteElo "2956"]
[BlackElo "2779"]
[TimeControl "180+1"]
[EndTime "14:37:32 PDT"]
[Termination "chenxiaoyuer won by resignation"]

1. Nf3 Nf6 2. c4 g6 3. Nc3 Bg7 4. e4 d6 5. d4 O-O 6. Be2 e5 7. O-O exd4 8. Nxd4 Re8 9. Bf3 Nbd7 10. Re1 Ne5 11.
Be2 Nc6 12. Nxc6 bxc6 13. Qc2 Nd7 14. b3 Nc5 15. Be3 Ne6 16. Rad1 c5 17. Qd2 Nd4 18. Bd3 Bg4 19. Rc1 Qd7 20. Bh6 Bf3 21. gxf3 Nxf3+ 22. Kh1 Nxd2 23. Bxd2 c6 24. Rcd1 Qh3 25. Bf1 Qf3+ 26. Bg2 Qxf2 27. Be3 Qf6 28. Ne2 Rad8 29. Nf4 Bh6 30. Rf1 Qc3 31. Rf3 Qc2 32. Rd2 Qxe4 33. Nh5 gxh5 34. Rg3+ Qg6 35. Bxh6 Re1+ 36. Bf1 Rxf1+ 37.
Kg2 Rf6 38. Be3 Re8 39. Rxg6+ Rxg6+ 40. Kf3 Rf6+ 0-1

[Event "Late-Titled-Tuesday-Blitz-May-07-2024"]
[Site "Chess.com"]
[Date "2024.05.07"]
[Round "4"]
[White "JaackCamel"]
[Black "Lady_Nika"]
[Result "0-1"]
[WhiteElo "2212"]
[BlackElo "2490"]
[TimeControl "180+1"]
[EndTime "14:37:32 PDT"]
[Termination "Lady_Nika won by resignation"]

1. d4 d5 2. c4 c6 3. cxd5 cxd5 4. Bf4 g6 5. e3 Bg7 6. Nc3 Nc6 7. Bd3 a6 8. h3 Nh6 9. Nf3 O-O 10. O-O Nf5 11. Rc1 Re8 12. Na4 e5 13. dxe5 Nxe5 14. Nxe5 Bxe5 15. Bxe5 Rxe5 16. Bxf5 Bxf5 17. Qd4 Re4 18. Qb6 Rxa4 19. Qxb7 Rb8 20. Qa7 Qb6 21. Qe7 Re4 22. Qg5 d4 23. exd4 Qxd4 24. b3 Rbe8 25. Rfd1 Qb6 26. Qg3 h5 27. Qc3 Re2 28. Qg3 Rxa2 29.
Rd6 Qb4 30. Rcc6 Kg7 31. Qg5 Qe1+ 32. Kh2 Ra1 33. Rf6 Qxf2 34. Rxf7+ Kxf7 35. Qf6+ Kg8 36. Rc7 Qf4+ 0-1

[Event "Late-Titled-Tuesday-Blitz-May-07-2024"]
[Site "Chess.com"]
[Date "2024.05.07"]
[Round "4"]
[White "TokChess"]
[Black "FredddieCroderg"]
[Result "1-0"]
[WhiteElo "2641"]
[BlackElo "2411"]
[TimeControl "180+1"]
[EndTime "14:37:33 PDT"]
[Termination "TokChess won by resignation"]

1. e4 e5 2. Nf3 Qf6 3. Nc3 c6 4. d4 d6 5. Be3 h6 6. Qd2 g5 7.
O-O-O Bd7 8. dxe5 dxe5 9. Nxe5 Qxe5 10. Bd4 Qa5 11. Bxh8 f6 12. Bc4 Ne7 13. Bxf6 b5 14. Bb3 b4 15. Ne2 Qc7 16. Nd4 a5 17. Ne6 Bxe6 18. Bxe6 a4 19. Be5 Qa5 20. Bxb8 Nd5 21. exd5 b3 22. Qxa5 bxa2 23. Qxa8 a1=Q+ 24. Kd2 Bb4+ 25.
Ke2 Qa3 26. Qxc6+ 1-0

[Event "Late-Titled-Tuesday-Blitz-May-07-2024"]
[Site "Chess.com"]
[Date "2024.05.07"]
[Round "4"]
[White "Casablanca"]
[Black "Yaacovn"]
[Result "0-1"]
[WhiteElo "2702"]
[BlackElo "2852"]
[TimeControl "180+1"]
[EndTime "14:37:35 PDT"]
[Termination "Yaacovn won by checkmate"]

1. Nf3 Nf6 2. g3 b6 3. Bg2 Bb7 4. O-O c5 5. c4 g6 6. d4 cxd4 7. Qxd4 Bg7 8. Nc3 Nc6 9. Qd2 O-O 10. Rd1 Rc8 11. Qc2 Qe8 12. Bg5 h6 13. Bf4 Na5 14. b3 d5 15. Ne5 dxc4 16. Bxb7 Nxb7 17.
Nxc4 b5 18. Ne5 b4 19. Qd3 bxc3 20. Qa6 c2 21. Re1 Nc5 22. Qxa7 Nd5 23. Rac1 Nxf4 24. gxf4 Ne6 25. Qe3 Bxe5 26. fxe5 Qc6 27. Qxh6 Qe4 28.
Qh3 Nf4 29. Qe3 Qg2# 0-1

[Event "Late-Titled-Tuesday-Blitz-May-07-2024"]
[Site "Chess.com"]
[Date "2024.05.07"]
[Round "4"]
[White "APOKALIPSA13"]
[Black "Road2GM3000"]
[Result "0-1"]
[WhiteElo "2183"]
[BlackElo "2475"]
[TimeControl "180+1"]
[EndTime "14:37:38 PDT"]
[Termination "Road2GM3000 won on time"]

1. e4 e5 2. d4 exd4 3. Qxd4 Nc6 4. Qe3 b6 5. Bd2 Bc5 6. Qg3 Qf6 7. Bc3 Bd4 8. Nf3 d6 9. Bb5 Bxc3+ 10. Nxc3 Bd7 11. O-O-O O-O-O 12. Ba6+ Kb8 13. Nd5 Qg6 14. Qf4 Nge7 15.
Kb1 Bc8 16. Bd3 f6 17. Qd2 Ne5 18. Nd4 Nxd5 19. exd5 Nxd3 20. Nc6+ Ka8 21. cxd3 Rde8 22. Qc2 Qxg2 23. Qa4 a6 24. Nb4 Bb7 25. Rhg1 Qf3 26.
Rc1 a5 27. Rxc7 Bxd5 28. Qb5 Bb7 29. Nc6 Rc8 30. Rxb7 Kxb7 31. Rxg7+ Rc7 32. Nxa5+ Kc8 33. Qa6+ Kd8 34. Rg1 bxa5 35. Qxd6+ Kc8 36. Qa6+ Qb7 37. Qe6+ Kb8 38. Qxf6 Rhc8 0-1

[Event "Late-Titled-Tuesday-Blitz-May-07-2024"]
[Site "Chess.com"]
[Date "2024.05.07"]
[Round "4"]
[White "Harsha_Bharathakoti"]
[Black "Nf3c5"]
[Result "1-0"]
[WhiteElo "2948"]
[BlackElo "2619"]
[TimeControl "180+1"]
[EndTime "14:37:39 PDT"]
[Termination "Harsha_Bharathakoti won on time"]

1. d4 e6 2. c4 f5 3. Nc3 Nf6 4. Bf4 Bb4 5. Qb3 c5 6. dxc5 Na6 7. a3 Bxc5 8. Nf3 O-O 9. e3 b6 10. Be2 Bb7 11. Rd1 Be7 12. O-O Nc5 13. Qa2 Nfe4 14.
Nxe4 Nxe4 15. h3 Rc8 16. Ne5 d6 17. c5 d5 18. cxb6 axb6 19. Rc1 Bd6 20. Bb5 Rc7 21. Nd3 g5 22. Bxd6 Qxd6 23. Rxc7 Qxc7 24. Rc1 Qd6 25. Qb3 f4 26. Qb4 Qxb4 27. Nxb4 fxe3 28. fxe3 Rc8 29. Rf1 Kg7 30. Bd7 Rd8 31. Bxe6 Rd6 32. Rf7+ Kg6 33. Rxb7 Rxe6 34. Nxd5 Nc5 35. Rxb6 1-0

[Event "Late-Titled-Tuesday-Blitz-May-07-2024"]
[Site "Chess.com"]
[Date "2024.05.07"]
[Round "4"]
[White "dlp300"]
[Black "miraitrunks"]
[Result "1-0"]
[WhiteElo "2650"]
[BlackElo "2256"]
[TimeControl "180+1"]
[EndTime "14:37:40 PDT"]
[Termination "dlp300 won by resignation"]

1. d4 d5 2. c4 Bf5 3. Nc3 e6 4. cxd5 exd5 5. Qb3 Nc6 6. Be3 Nb4 7. Rc1 a5 8. a3 a4 9. Nxa4 Qd7 10. Nc5 Bxc5 11.
Rxc5 b6 12. Rc1 Nc6 13. Nf3 Nge7 14. Bf4 O-O 15. e3 Rfe8 16. Bb5 Na5 17. Bxd7 Nxb3 18. Rxc7 Bxd7 19. Rxd7 Rac8 20. Bc7 Nf5 21. O-O Re6 22.
g4 Ne7 23. Bg3 Rec6 24. Rxe7 1-0

[Event "Late-Titled-Tuesday-Blitz-May-07-2024"]
[Site "Chess.com"]
[Date "2024.05.07"]
[Round "4"]
[White "NowInChess"]
[Black "merinasian"]
[Result "0-1"]
[WhiteElo "2253"]
[BlackElo "2482"]
[TimeControl "180+1"]
[EndTime "14:37:45 PDT"]
[Termination "merinasian won on time"]

1. e4 d6 2. d3 Nd7 3. g3 g6 4.
Bg2 Bg7 5. f4 e5 6. Nf3 Ne7 7.
Nc3 O-O 8. O-O f5 9. Be3 exf4 10. Bxf4 fxe4 11. dxe4 Nc6 12. Qd5+ Kh8 13. Ng5 Nde5 14. Ne6 Bxe6 15. Qxe6 Nd4 16. Qh3 Nxc2 17. Rac1 Nb4 18. Nd5 Nxd5 19. exd5 Nd3 20. Rc2 Nxf4 21. Rxf4 Rxf4 22.
gxf4 Qe7 23. Qg3 Re8 24. b3 Qf6 25. h3 Qd4+ 26. Kh2 Re3 27. Qf2 Bh6 28. Rxc7 Bxf4+ 29. Kg1 Re1+ 30. Bf1 Be3 31. Rc8+ Kg7 32. Rc7+ Kh6 0-1

[Event "Late-Titled-Tuesday-Blitz-May-07-2024"]
[Site "Chess.com"]
[Date "2024.05.07"]
[Round "4"]
[White "Fore_Man"]
[Black "xakevicius91"]
[Result "0-1"]
[WhiteElo "2288"]
[BlackElo "2518"]
[TimeControl "180+1"]
[EndTime "14:37:49 PDT"]
[Termination "xakevicius91 won on time"]

1. Nf3 Nf6 2. b3 c5 3. Bb2 e6 4. c4 Be7 5. e3 O-O 6. Be2 b6 7. O-O Bb7 8. Nc3 d6 9. d4 Ne4 10. Nxe4 Bxe4 11. Nd2 Bb7 12. Bf3 Bxf3 13. Nxf3 Nd7 14.
d5 exd5 15. cxd5 Bf6 16. Qc2 Re8 17. Rad1 b5 18. Rfe1 Qb6 19. e4 Rac8 20. h3 c4 21. Bxf6 Nxf6 22. e5 dxe5 23. Rxe5 cxb3 24. Qxb3 Ne4 25.
Rxe4 Rxe4 26. d6 Rd8 27. Ng5 Rf4 28. d7 Qxf2+ 29. Kh1 h6 30. Nf3 Rxf3 31. Qxf3 Qxf3 32.
gxf3 Kf8 33. Rb1 a6 34. a4 bxa4 35. Ra1 Rxd7 36. Rxa4 Rd6 37. Kg2 f5 38. Kg3 Kf7 39.
h4 g5 40. hxg5 hxg5 41. Ra5 Kf6 42. Rc5 Rb6 43. Rc8 Ke5 44. Ra8 Kd5 0-1

[Event "Late-Titled-Tuesday-Blitz-May-07-2024"]
[Site "Chess.com"]
[Date "2024.05.07"]
[Round "4"]
[White "AniJak"]
[Black "Perecke"]
[Result "0-1"]
[WhiteElo "2371"]
[BlackElo "2543"]
[TimeControl "180+1"]
[EndTime "14:37:50 PDT"]
[Termination "Perecke won by resignation"]

1. e4 c5 2. Nc3 Nc6 3. g3 g6 4.
Bg2 Bg7 5. d3 e6 6. Be3 d6 7.
Qd2 Nge7 8. Bh6 O-O 9. h4 Nd4 10.
Bxg7 Kxg7 11. h5 Rh8 12. h6+ Kf8 13. e5 dxe5 14. Ne4 Nef5 15. c3 Nc6 16. Nxc5 Qe7 17.
Ne4 Bd7 18. Ne2 Rd8 19. O-O f6 20. Rad1 Be8 21. Qc2 g5 22. b4 Nxh6 23. Nc5 b6 24. Nb3 Nf5 25. d4 exd4 26. Nexd4 Ncxd4 27. Nxd4 Nxd4 28. Rxd4 Rxd4 29. cxd4 Bg6 30. Qc6 Kf7 31. d5 exd5 32. Bxd5+ Kg7 33. Rc1 Rd8 34. Bb3 Bf7 35. Qc7 Rd7 36.
Qc8 Bxb3 37. axb3 Qd6 38. Qe8 Re7 39. Qa8 Qxb4 40. Rc8 Qxb3 41. Rh8 Qf7 42. Qc8 Re1+ 43. Kh2 Qh5+ 0-1

[Event "Late-Titled-Tuesday-Blitz-May-07-2024"]
[Site "Chess.com"]
[Date "2024.05.07"]
[Round "4"]
[White "Hakiki_satranc"]
[Black "Olkaa"]
[Result "0-1"]
[WhiteElo "2406"]
[BlackElo "2624"]
[TimeControl "180+1"]
[EndTime "14:37:56 PDT"]
[Termination "Olkaa won by checkmate"]

1. e4 c5 2. Nf3 e6 3. d4 cxd4 4. Nxd4 Nf6 5. Nc3 Qb6 6. e5 Bc5 7. Be3 Nd5 8. Nxd5 exd5 9. Nf5 Qxb2 10. Nxg7+ Kd8 11. Bg5+ Kc7 12. Be2 Qxe5 13. Bh6 Qf6 14. Qc1 Qxf2+ 15. Kd1 Qd4+ 16. Bd3 d6 17. h3 Rg8 18.
Rf1 Rxg7 19. Bxg7 Qxg7 20. Rb1 Nc6 21. Qd2 Be6 22. g4 Qd4 23. Qf4 Qc3 24. Bxh7 Rh8 25.
Bd3 Rxh3 26. Rb3 Qa1+ 27. Ke2 Nd4+ 28. Qxd4 Qxd4 29. Kd1 Rh2 30. Kc1 Qa1+ 31. Rb1 Ba3+ 32. Kd1 Qxb1# 0-1

[Event "Late-Titled-Tuesday-Blitz-May-07-2024"]
[Site "Chess.com"]
[Date "2024.05.07"]
[Round "4"]
[White "campochess"]
[Black "stasOR4ik"]
[Result "1/2-1/2"]
[WhiteElo "2158"]
[BlackElo "2465"]
[TimeControl "180+1"]
[EndTime "14:37:56 PDT"]
[Termination "Game drawn by repetition"]

1. d4 e6 2. Nf3 d5 3. c4 Nf6 4.
Nc3 c6 5. cxd5 exd5 6. g3 Bg4 7. Ne5 Bf5 8. Bg2 Nbd7 9. Nd3 Be7 10. O-O O-O 11.
Bf4 Re8 12. f3 Qb6 13. e3 Nf8 14. Be5 Ng6 15. Kh1 Bxd3 16. Qxd3 Nxe5 17. dxe5 Nd7 18. f4 f6 19. exf6 Bxf6 20. Rae1 Nc5 21. Qc2 Re7 22. e4 Bxc3 23. bxc3 dxe4 24. Bxe4 Rae8 25.
Bxh7+ Kh8 26. Rxe7 Rxe7 27. Bg6 Qb5 28. Rd1 Rd7 29. Re1 Re7 30. Rb1 Qc4 31. Rd1 Rd7 32. Re1 Re7 33. Rd1 Rd7 34. Re1 Re7 35. Rd1 1/2-1/2